 Dungeon Crawl Stone Soup version 0.14-a0-3278-gb24e923 (webtiles) character file.

265 4tharraofdagon the Chiller (level 5, -4/28 HPs)
             Began as a Deep Elf Ice Elementalist on Mar 13, 2014.
             Was an Initiate of Vehumet.
             Slain by a giant frog (7 damage)
             ... on Level 6 of the Dungeon.
             The game lasted 00:06:06 (986 turns).

4tharraofdagon the Chiller (DEIE)                    Turns: 986, Time: 00:06:06

HP  -4/28        AC  4     Str 10      XL: 5   Next: 22%
MP   6/19        EV 11     Int 21      God: Vehumet [......]
Gold 99          SH  0     Dex 15      Spells:  3 memorised,  5 levels left

rFire  . . .     SeeInvis .     d - +2 dagger (freeze)
rCold  . . .     Clarity  .     i - +0 leather armour
rNeg   . . .     Conserve .     (no shield)
rPois  .         rCorr    .     (no helmet)
rElec  .         rRot     .     (no cloak)
SustAb . .       Spirit   .     f - +0 pair of gloves
rMut   .         Warding  .     (no boots)
Saprov . . .     Stasis   .     (no amulet)
MR     .....                    (no ring)
                                (no ring)

@: mighty, lethally poisoned, very slightly contaminated, not resistant to
hostile enchantments, fairly stealthy
A: no striking features
a: Renounce Religion


You were on level 6 of the Dungeon.
You worshipped Vehumet.
Vehumet was noncommittal.
You were not hungry.

You visited 2 branches of the dungeon, and saw 7 of its levels.

You collected 99 gold pieces.

Inventory:

Hand weapons
 d - a +2,+2 dagger of freezing (weapon)
Missiles
 h - 5 darts (quivered)
 j - 4 javelins
Armour
 a - a +0 robe
 f - a +0 pair of gloves (worn)
 i - a +0 leather armour (worn)
Comestibles
 c - a bread ration
Scrolls
 e - 2 scrolls of identify {unknown}
 g - a scroll of recharging {unknown}
 k - a scroll of fog {unknown}
 l - a scroll of teleportation
Books
 b - a book of Frost

   Spells                             Type                      Level
   *Freeze                            Ice                          1
   Throw Frost                        Conjuration/Ice              2
   Ozocubu's Armour                   Charms/Ice                   3
   *Throw Icicle                      Conjuration/Ice              4
   *Summon Ice Beast                  Ice/Summoning                4
   Condensation Shield                Ice                          4


   Skills:
 - Level 2.4 Dodging
 - Level 2.4 Stealth
 + Level 5.0 Spellcasting
 - Level 1.1 Conjurations
 * Level 5.5 Ice Magic


You had 5 spell levels left.
You knew the following spells:

 Your Spells              Type           Power        Failure   Level  Hunger
a - Freeze                Ice            ####         1%          1    None
b - Throw Icicle          Conj/Ice       ###.....     28%         4    ####...
c - Summon Ice Beast      Ice/Summ       ###.....     34%         4    ####...


Dungeon Overview and Level Annotations

Branches:
Dungeon (6/15)             Temple (1/1) D:4

Altars:
Cheibriados
Dithmenos
Fedhas
Nemelex Xobeh
Okawaru
Trog
Vehumet
Xom
Zin
The Shining One

Shops:
D:4 :

Annotations:
D:4 bmpenner's ghost, average DsNe
D:6 Eustachio


Message History

The giant frog barely misses you.
The giant frog hits you but does no damage.
Casting: Freeze
Confirm with . or Enter, or press ? or * to list all spells.
Aiming: Freeze
Press: ? - help, Shift-Dir - straight line, f/p - giant frog
Aim: a giant frog (moderately wounded)
You freeze the giant frog.
The giant frog is severely wounded.
The giant frog hits you but does no damage.
Eustachio says, "My allies will avenge me."
Casting: Freeze
Confirm with . or Enter, or press ? or * to list all spells.
Aiming: Freeze
Press: ? - help, Shift-Dir - straight line, f/p - giant frog
Aim: a giant frog (severely wounded)
You freeze the giant frog.
The giant frog is severely wounded.
The giant frog hits you!
You die...

#. #.#####
#.....#
#.....#
#.....#
#####..%..#
..S........#
#%....#
#F@%<.#
......@)....#
.###########


You could see Eustachio and a giant frog.

Vanquished Creatures
  A hound (D:5)
  2 worker ants (D:4)
  5 adders
  2 giant geckos
  6 orcs
  4 bats
  A giant cockroach (D:2)
  3 goblins
  A hobgoblin (D:4)
  A quokka (D:2)
  2 ball pythons
  A giant newt (D:3)
  4 jackals (D:3)
  4 kobolds
  A quokka skeleton (D:4)
  4 rats
42 creatures vanquished.

Notes
Turn   | Place    | Note
--------------------------------------------------------------
     0 | D:1      | 4tharraofdagon, the Deep Elf Ice Elementalist, began the quest for the Orb.
     0 | D:1      | Reached XP level 1. HP: 10/10 MP: 5/5
    62 | D:2      | Reached XP level 2. HP: 12/15 MP: 4/8
   281 | D:3      | Reached skill level 4 in Ice Magic
   324 | D:3      | Reached XP level 3. HP: 10/19 MP: 1/12
   344 | D:3      | Paralysed by a potion of paralysis for 7 turns
   419 | D:4      | Noticed bmpenner's ghost (average DsNe)
   584 | D:4      | Found a staircase to the Ecumenical Temple.
   635 | D:4      | Reached XP level 4. HP: 18/24 MP: 11/15
   640 | Temple   | Entered the Ecumenical Temple
   702 | Temple   | Became a worshipper of Vehumet
   792 | D:4      | Found Ogralias' Book Shop.
   822 | D:4      | Learned a level 4 spell: Throw Icicle
   827 | D:4      | Learned a level 4 spell: Summon Ice Beast
   840 | D:4      | Reached skill level 5 in Ice Magic
   890 | D:5      | Entered Level 5 of the Dungeon
   910 | D:5      | Noticed a phantom
   966 | D:5      | Reached skill level 5 in Spellcasting
   966 | D:5      | Reached XP level 5. HP: 18/28 MP: 14/19
   972 | D:6      | Noticed Eustachio
   986 | D:6      | Slain by a giant frog

Action                   |  1- 3 |  4- 6 || total
-------------------------+-------+-------++-------
Melee: Unarmed           |     4 |       ||     4
       Dagger            |     4 |     2 ||     6
 Cast: Freeze            |    45 |    28 ||    73
  Use: Potion            |     3 |     1 ||     4
       Scroll            |     2 |       ||     2
